 Dungeon Crawl Stone Soup version 0.29-a0-334-gb41bcbb86e (webtiles) character file.

Game seed: 585842749276949882

240 Laraso the Slasher (level 5, -2/41 HPs)
             Began as a Draconian Gladiator on Apr 14, 2022.
             Slain by an orc
             ... wielding a +0 trident
              (7 damage)
             ... on level 3 of the Dungeon.
             The game lasted 00:02:25 (2584 turns).

Laraso the Slasher (Draconian Gladiator)            Turns: 2584, Time: 00:02:25

Health: -2/41      AC:  7    Str: 16    XL:     5   Next: 80%
Magic:  5/5        EV: 12    Int:  8    God:
Gold:   119        SH:  0    Dex: 15    Spells: 4/4 levels left

rFire   . . .      SeeInvis .   b - +2 rapier (venom)
rCold   . . .      Faith    .   (no shield)
rNeg    . . .      Spirit   .   (body armour unavailable)
rPois   .          Reflect  .   o - +0 hat
rElec   .          Harm     .   (no cloak)
rCorr   .          Rampage  .   (no gloves)
Will    .....                   e - +1 pair of boots
Stlth   +.........              (no amulet)
HPRegen 0.13/turn               (no ring)
MPRegen 0.09/turn               (no ring)

@: no status effects
A: AC +5, unfitting armour, cold-blooded
a: no special abilities


You were on level 3 of the Dungeon.
You visited 1 branch of the dungeon, and saw 3 of its levels.

You collected 191 gold pieces.
You spent 72 gold pieces at shops.

Inventory:

Hand Weapons
 a - a +0 long sword
 b - a +2 rapier of venom (weapon)
Missiles
 c - a throwing net (quivered)
 d - a javelin
Armour
 e - a +1 pair of boots (worn)
 o - a +0 hat (worn)
Scrolls
 f - a scroll of torment
 h - a scroll of teleportation
 i - a scroll of fog
 l - a scroll of identify
Potions
 g - 2 potions of flight
 k - a potion of might
 m - a potion of brilliance
 p - a potion of berserk rage
 q - a potion of heal wounds {unknown}


   Skills:
 - Level 2.1 Fighting
 * Level 6.6 Long Blades
 - Level 1.7 Throwing
 - Level 2.6 Dodging


You had 4 spell levels left.
You didn't know any spells.
Your spell library was empty.

Dungeon Overview and Level Annotations

Branches:
Dungeon (3/15)

Altars:

Shops:
D:1 :   D:2 ?


Innate Abilities, Weirdness & Mutations

Your plain brown scales are hard. (AC +5)
You cannot fit into any form of body armour.
You are cold-blooded and may be slowed by cold attacks.


Message History

The orc hits you but does no damage. Something hits you but does no damage.
You hit the orc.
You kill the orc!
The orc throws a boomerang.
The boomerang closely misses you. Something hits you.
Something hits you but does no damage. The orc hits you but does no damage.
You see here a +0 hand axe.
You miss something. The orc hits you but does no damage.
You hear some strange, mumbled words.
You are confused.
The orc hits you with a +0 hand axe. The orc misses you.
The orc closely misses you.
You hear some strange, mumbled words.
A puff of flame appears from out of thin air!
The puff of flame hits you.
The orc hits you from afar with a +0 trident.
You see here a +0 hand axe.
You bump into the rock wall.
The orc hits you from afar with a +0 trident.
The orc closely misses you. Something hits you.
You miss something.
You hear some strange, mumbled words.
A magic dart appears from out of thin air!
The magic dart hits you. The orc barely misses you.
The orc hits you from afar with a +0 trident!
* * * LOW HITPOINT WARNING * * *
You feel better. The orc hits you with a +0 hand axe.
Something hits you but does no damage.
The orc hits you from afar with a +0 trident!
* * * LOW HITPOINT WARNING * * *
Something hits you.
* * * LOW HITPOINT WARNING * * *
The orc throws a boomerang.
The boomerang hits you.
* * * LOW HITPOINT WARNING * * *
Throw: 2 throwing nets
Press: ? - help, Q - select action, (/) - cycle Shift-Dir - straight line You throw a throwing net.
Something gets caught in the net!
Something wriggles in the net.
The orc hits you from afar with a +0 trident!
You die...

#.#############.###.#
#..).....># #.#
.#######†#######..
..# .........# ###
.#####...##
.........# ....#.##.#
###.#.##.######.##
###.#.#.o{@.......
^......go#####....
####.<##.# # #... #g#
#.. ... #. #.## ..
... ... ...


You could see 2 orcs and a hobgoblin.

Vanquished Creatures
  An ogre (D:3)
  Natasha (thrice) (D:2)
  4 adders
  3 dart slugs
  An orc (D:3)
  4 bats
  3 endoplasms
  A giant cockroach (D:1)
  A goblin (D:3)
  4 hobgoblins
  6 quokkas
  7 ball pythons
  7 kobolds
  5 rats
50 creatures vanquished.

Notes
Turn   | Place    | Note
-------+----------+-------------------------------------------
     0 | D:1      | Laraso the Draconian Gladiator began the quest for the Orb.
     0 | D:1      | Reached XP level 1. HP: 17/17 MP: 1/1
    99 | D:1      | Found a faded altar of an unknown god.
   232 | D:1      | Reached XP level 2. HP: 23/24 MP: 2/2
   678 | D:1      | Reached skill level 4 in Long Blades
   988 | D:1      | Found Toutadae's Book Shop.
  1280 | D:2      | Reached XP level 3. HP: 29/29 MP: 3/3
  1652 | D:2      | Noticed Natasha
  1656 | D:2      | Killed Natasha
  1657 | D:2      | Reached XP level 4. HP: 36/36 MP: 4/4
  1697 | D:2      | Reached skill level 5 in Long Blades
  1741 | D:2      | Found Kiurghyg's Magic Scroll Emporium.
  1749 | D:2      | Bought a scroll of identify for 24 gold pieces
  1749 | D:2      | Bought a scroll of identify for 24 gold pieces
  1749 | D:2      | Bought a scroll of identify for 24 gold pieces
  2081 | D:2      | Noticed Natasha
  2085 | D:2      | Killed Natasha
  2213 | D:2      | Noticed Natasha
  2219 | D:2      | Killed Natasha
  2220 | D:2      | Reached XP level 5. HP: 28/41 MP: 5/5
  2532 | D:3      | Noticed an ogre
  2537 | D:3      | Killed an ogre
  2538 | D:3      | Reached skill level 6 in Long Blades
  2584 | D:3      | Slain by an orc

Illustrated notes

Levels and vault maps discovered:
D:1:      psy_arrival_heroes, layout_basic, serial_shops, nicolae_shop_trees,
          shapermc_ecumenical_altar_totnotflames, minmay_3d_cube
D:2:      layout_loops_corners, serial_shops, nicolae_square_shop,
          minmay_circle_x, uniq_natasha
D:3:      layout_loops_ring

Skill      XL: |  1  2  3  4  5 |
---------------+----------------+-----
Long Blades    | 4 5 6 |  6.6
Fighting       | |  2.1
Throwing       | |  1.7
Dodging        | |  2.6

Action                   |  1- 3 |  4- 6 || total
-------------------------+-------+-------++-------
Melee: Long sword        |    88 |       ||    88
       Tailslap          |    12 |     5 ||    17
       Punch             |     1 |       ||     1
       Rapier            |     2 |    45 ||    47
Throw: Throwing net      |       |     2 ||     2
  Use: Scroll            |       |    10 ||    10
       Potion            |       |     1 ||     1
 Stab: Sleeping          |     2 |       ||     2
       Held in net/web   |       |     1 ||     1
Armor: Skin              |    36 |    16 ||    52
Dodge: Dodged            |    77 |    26 ||   103

Table legend: (Time is in decaauts)
 A = Elapsed time spent in this place.
 B = Non-inter-level travel time spent in this place.
 C = Inter-level travel time spent in this place.
 D = Time resting spent in this place.
 E = Time spent auto-exploring this place.
 F = Levels seen in this place.
 G = Mean time per level.
                   A        B        C        D        E       F      G
               +--------+--------+--------+--------+--------+-----+--------+
         Total |   2606 |   2530 |     76 |    555 |   1614 |   3 |  868.7 |
       Dungeon |   2606 |   2530 |     76 |    555 |   1614 |   3 |  868.7 |
               +--------+--------+--------+--------+--------+-----+--------+

Top non-repeatable levels by time:
     D:2: 1385 daAuts
     D:1: 1121 daAuts
     D:3: 99 daAuts
